 Dungeon Crawl Stone Soup version 0.20.1-1-g8b1a95d (webtiles) character file.

112191 pomescollege the Phalangite (level 16, -4/145 HPs)
             Began as a Merfolk Skald on Dec 29, 2017.
             Was a High Priest of Okawaru.
             Splashed by an acid blob's acid (5 damage)
             ... on level 1 of the Pits of Slime.
             The game lasted 03:19:59 (28447 turns).

pomescollege the Phalangite (Merfolk Skald)        Turns: 28447, Time: 03:20:00

Health: -4/145     AC: 20    Str: 15    XL:     16   Next: 59%
Magic:  0/23       EV: 31    Int:  9    God:    Okawaru [*****.]
Gold:   139        SH:  0    Dex: 22    Spells: 8/19 levels left

rFire    + + +     SeeInvis +   w - +0 glaive (vamp)
rCold    + + .     Gourm    .   (shield currently unavailable)
rNeg     + . .     Faith    .   G - +1 scale mail of the Dozen Wonders {rF+++ rC++ Str+2 Int-5}
rPois    .         Spirit   +   a - +2 hat of the Bear Spirit {Spirit, +Rage rN+ MR++}
rElec    .         Reflect  .   j - +2 cloak
rCorr    +         Harm     .   s - +2 pair of gloves
MR       +++..                  u - +1 pair of boots
Stlth    +++.......             E - amulet of regeneration
Regen    0.0/turn               B - ring of the Prince of Darkness {+Inv SInv}
MPRegen  0.2/turn               n - ring of resist corrosion

@: agile, about to teleport, heroism, finesse, infused (expiring), corroded
A: change form in water, swift swim, stealthy swim, icy blue scales 1, mutation
resistance 1, robust 1, inhibited regeneration
a: Heroism, Finesse, Renounce Religion, Evoke Berserk Rage, Evoke Invisibility


You were on level 1 of the Pits of Slime.
You worshipped Okawaru.
Okawaru was extremely pleased with you.
You were not hungry.

You visited 6 branches of the dungeon, and saw 27 of its levels.
You also visited: Ice Cave.

You collected 2274 gold pieces.
You spent 2135 gold pieces at shops.

Inventory:

Hand Weapons
 f - a +2 bardiche of freezing
 w - a +0 vampiric glaive (weapon)
 z - a +0 antimagic demon trident
 S - a +2 glaive of flaming
Missiles
 V - 15 tomahawks of returning (quivered)
Armour
 a - the +2 hat of the Bear Spirit (worn) {Spirit, +Rage rN+ MR++}
   (You bought it in a shop on level 2 of the Orcish Mines)

   It protects you from negative energy.
   It affects your resistance to hostile enchantments.
   It lets you go berserk.
 j - a +2 cloak (worn)
 s - a +2 pair of gloves (worn)
 u - a +1 pair of boots (worn)
 D - a +0 crystal plate armour
 G - the +1 scale mail of the Dozen Wonders (worn) {rF+++ rC++ Str+2 Int-5}
   (Okawaru gifted it to you on level 5 of the Lair of Beasts)

   It affects your strength (+2).
   It affects your intelligence (-5).
   It renders you almost immune to fire.
   It greatly protects you from cold.
Jewellery
 b - an uncursed ring of poison resistance
 m - the ring "Vearaloo" {Ice *Slow Int+9 Dex-2 SInv}
   (You acquired it on level 7 of the Dungeon)

   [ring of ice]

   It enhances your ice magic.
   It affects your intelligence (+9).
   It affects your dexterity (-2).
   It makes you vulnerable to fire.
   It protects you from cold.
   It lets you see invisible.
   It may slow you when you take damage.
 n - a ring of resist corrosion (right hand)
 t - an uncursed ring of positive energy
 v - an uncursed amulet of faith {unknown}
 B - the ring of the Prince of Darkness (left hand) {+Inv SInv}
   (You bought it in a shop on level 9 of the Dungeon)

   [ring of see invisible]

   It lets you see invisible.
   It lets you turn invisible.
 E - an amulet of regeneration (around neck)
 N - an uncursed ring of protection from cold
 P - a +3 amulet of reflection
Wands
 e - a wand of scattershot (4/9)
 y - a wand of polymorph (11/24)
 L - a wand of flame (19/48)
 M - a wand of iceblast (6/15)
 T - a wand of digging (12/24)
 Y - a wand of enslavement (20/24)
Scrolls
 h - 3 scrolls of silence
 i - 9 scrolls of remove curse
 k - a scroll of teleportation
 l - 4 scrolls of holy word
 C - a scroll of fear
 F - 3 scrolls of amnesia
 Q - 2 scrolls of recharging
 R - a scroll of summoning
 U - a scroll of magic mapping
 Z - a scroll of acquirement
Potions
 p - a potion of agility
 r - 2 potions of brilliance
 O - a potion of cancellation
 W - 2 potions of might
 X - 2 potions of magic
Books
 c - a book of Battle

   Spells                             Type                      Level
   a - Infusion                       Charms                       1
   b - Shroud of Golubria             Charms/Translocation         2
   c - Song of Slaying                Charms                       2
   d - Spectral Weapon                Hexes/Charms                 3
   e - Regeneration                   Charms/Necromancy            3
 x - a book of Changes

   Spells                             Type                      Level
   a - Beastly Appendage              Transmutation                1
   b - Sticks to Snakes               Transmutation                2
   c - Spider Form                    Transmutation/Poison         3
   d - Ice Form                       Ice/Transmutation            4
   e - Blade Hands                    Transmutation                5
 H - a book of Conjurations

   Spells                             Type                      Level
   a - Magic Dart                     Conjuration                  1
   b - Searing Ray                    Conjuration                  2
   c - Dazzling Spray                 Conjuration/Hexes            3
   d - Fulminant Prism                Conjuration/Hexes            4
   e - Force Lance                    Conjuration/Translocation    4
   f - Iskenderun's Mystic Blast      Conjuration                  4
 I - a book of Transfigurations

   Spells                             Type                      Level
   a - Irradiate                      Conjuration/Transmutation    5
   b - Statue Form                    Transmutation/Earth          6
   c - Hydra Form                     Transmutation                6
   d - Dragon Form                    Transmutation                7
Miscellaneous
 o - a fan of gales
 J - a lamp of fire
Comestibles
 d - 4 bread rations
 g - 10 royal jellies
 q - 11 meat rations
 A - 17 fruits


   Skills:
 + Level 13.7(18.7) Fighting
 - Level 21.0(26.0) Polearms
 + Level 8.4(13.4) Armour
 * Level 15.6(20.6) Dodging
 - Level 2.1 Spellcasting
 - Level 11.2 Charms
 + Level 1.0 Translocations
 - Level 10.0 Invocations
 - Level 2.1 Evocations


You had 8 spell levels left.
You knew the following spells:

 Your Spells              Type           Power        Failure   Level  Hunger
a - Infusion              Chrm           ###.         1%          1    ##.....
b - Song of Slaying       Chrm           ###.....     1%          2    ###....
c - Spectral Weapon       Hex/Chrm       ##......     26%         3    ####...
d - Shroud of Golubria    Chrm/Tloc      ##........   11%         2    ###....
e - Regeneration          Chrm/Necr      ##........   26%         3    ####...


Dungeon Overview and Level Annotations

Branches:
Dungeon (13/15)            Temple (1/1) D:5            Lair (6/6) D:8
 Shoals (3/4) Lair:4       Spider (0/4) Lair:2        Slime (2/5) Lair:6
    Orc (2/2) D:11            Elf (0/3) Orc:2
 Vaults: D:13-14

Altars:
Ashenzari
Cheibriados
Dithmenos
Elyvilon
Fedhas
Gozag
Hepliaklqana
Kikubaaqudgha
Makhleb
Nemelex Xobeh
Okawaru
Qazlal
Ru
Sif Muna
Trog
Uskayaw
Xom
Yredelemnul
Zin
The Shining One
Beogh
Jiyva

Shops:
D:6 ***(   D:8 :   D:9 =   D:11 =!   Orc:2 *[(:

Annotations:
Shoals:2 exclusion: Roxanne, Roxanne


Innate Abilities, Weirdness & Mutations

You revert to your normal form in water.
You are very nimble and swift while swimming.
You are very stealthy in the water. (Stealth+)
You are partially covered in icy blue scales. (AC +2)
You are somewhat resistant to further mutation.
You are robust. (+10% HP)
You do not regenerate when monsters are visible.


Message History

You feel agile all of a sudden.
Two slime creatures merge to form a large slime creature.
A slime creature comes into view.
As you read the scroll of teleportation, it crumbles to dust.
You feel strangely unstable.
Your magical infusion is running out.
The acid blob spits acid at you. The splash of acid hits you!
You are splashed with acid!
The acid burns!
You resist.
* * * LOW HITPOINT WARNING * * *
The acid blob spits acid at you. The splash of acid hits you!
You are splashed with acid!
The acid burns!
You resist.
* * * LOW HITPOINT WARNING * * *
Two slime creatures merge to form a large slime creature.
Unknown command.
The acid blob spits acid at you. The splash of acid hits you!
You are splashed with acid!
The acid burns!
You resist.
You die...

#####.#.....#
##.#.#.......##
###.............#
##.##...........#
##...#...........##
#.............#.#.##
.......#.#.........####..
..................#.##...
#.......@..JJJ...#...#..#
........................#
#..........J.............
#.....#......J...........
....#.#....JJJJ..........
... ...........J.........
#. ...#.......J....>.....
# #.##...................
## #...................


You could see an acid blob, an azure jelly, 3 large slime creatures and 6 slime
creatures.

Vanquished Creatures
  An acid blob (Lair:6)
  Kirke (Lair:4)
  Gastronok (Lair:3)
  An azure jelly (Slime:1)
  An orc warlord (Orc:2)
  A merfolk javelineer (Shoals:2)
  3 merfolk impalers (Shoals:2)
  Snorg (D:12)
  Harold (Lair:3)
  3 merfolk avatars
  4 hydras
  A catoblepas (Lair:6)
  A centaur warrior (D:13)
  A satyr (Shoals:2)
  6 two-headed ogres
  5 death yaks (Lair:6)
  An orc high priest (Orc:2)
  Urug (D:12)
  A tengu warrior (D:9)
  Nergalle (Lair:1)
  3 sea snakes
  2 unseen horrors
  10 harpies
  3 orc knights (Orc:2)
  A necromancer (Lair:4)
  3 ugly things (D:13)
  2 shining eyes
  11 fauns
  3 orc sorcerers (Orc:2)
  2 cyclopes
  13 manticores
  A centaur zombie (D:11)
  7 merfolk sirens
  A water nymph (Shoals:2)
  3 black mambas
  2 ice statues (IceCv)
  21 spiny frogs
  9 rime drakes
  7 ice devils (IceCv)
  10 komodo dragons
  A redback zombie (D:12)
  A tengu conjurer (D:11)
  3 hornets
  2 trolls
  19 merfolk
  3 wind drakes
  2 polar bears (Lair:5)
  24 blink frogs
  21 slime creatures
  10 snapping turtles
  14 dream sheep
  15 hippogriffs
  3 redbacks (Lair:2)
  2 wyverns
  A shadow (D:13)
  3 water elementals
  44 yaks
  A wraith (D:12)
  A hog (Lair:4)
  4 vampire mosquitoes (Lair:1)
  2 basilisks
  A steam dragon (Lair:2)
  A hungry ghost (D:12)
  2 insubstantial wisps (Lair:1)
  An acid dragon (D:10)
  18 water moccasins
  6 porcupines
  23 orc warriors
  3 elephant zombies (Lair:4)
  A swamp drake (Lair:1)
  4 ice beasts
  3 eyes of draining
  A phantom (D:8)
  3 sky beasts
  A black bear (D:8)
  A necrophage (D:11)
  8 wolves
  6 centaurs
  13 ogres
  11 crocodiles
  3 big kobolds
  12 bullfrogs
  A gnoll sergeant (D:7)
  A wyvern skeleton (D:11)
  A scorpion (D:7)
  3 killer bees (D:9)
  8 wights
  5 howler monkeys
  4 electric eels (Lair:4)
  3 crimson imps
  A bullfrog zombie (D:7)
  4 jellies
  A basilisk zombie (Lair:4)
  3 centaur skeletons
  23 orc priests
  2 gnoll shamans (D:7)
  9 hounds
  2 iguanas
  23 orc wizards
  10 worker ants
  2 hound zombies
  A hound skeleton (D:9)
  2 worker ant zombies
  Robin (D:3)
  16 gnolls
  A howler monkey skeleton (D:5)
  14 adders
  7 shadow imps
  21 white imps
  8 ufetubi (IceCv)
  An ooze (D:7)
  6 worms
  3 dart slugs
  7 leopard geckos
  65 orcs
  4 bats
  A giant cockroach (D:6)
  23 goblins
  17 hobgoblins
  8 jackals
  24 kobolds
  3 quokkas
  3 frilled lizards
  11 rats
  A butterfly (Lair:3)
  A fungus (Lair:5)
  2 plants
805 creatures vanquished.

Vanquished Creatures (others)
  A reaper (IceCv)
  Fannar (D:12)
  A merfolk siren (Lair:4)
  3 humans (Lair:4)
  A porcupine (Lair:4)
  A swamp drake (Lair:1)
  A bullfrog (Lair:4)
  5 wights (D:12)
  3 white imps (IceCv)
  A fungus (Shoals:2)
  13 plants
  31 spectral weapons
62 creatures vanquished.

Grand Total: 867 creatures vanquished

Notes
Turn   | Place    | Note
-------+----------+-------------------------------------------
     0 | D:1      | pomescollege the Merfolk Skald began the quest for the Orb.
     0 | D:1      | Reached XP level 1. HP: 16/16 MP: 3/3
    63 | D:1      | Reached XP level 2. HP: 23/23 MP: 3/5
   248 | D:1      | Reached XP level 3. HP: 17/28 MP: 1/6
   520 | D:1      | Learned a level 2 spell: Song of Slaying
   524 | D:1      | Learned a level 3 spell: Spectral Weapon
   568 | D:1      | Reached skill level 4 in Polearms
   917 | D:2      | Reached XP level 4. HP: 32/34 MP: 0/7
  1249 | D:2      | Found a snail-covered altar of Cheibriados.
  1262 | D:2      | Found a shadowy altar of Dithmenos.
  1349 | D:2      | Reached skill level 5 in Polearms
  1669 | D:3      | Noticed Robin
  1883 | D:3      | Killed Robin
  1964 | D:3      | Reached XP level 5. HP: 39/39 MP: 4/8
  2105 | D:3      | Reached skill level 6 in Polearms
  2690 | D:4      | Found a sparkling altar of Nemelex Xobeh.
  2780 | D:4      | Reached skill level 5 in Charms
  2789 | D:4      | Learned a level 2 spell: Shroud of Golubria
  2831 | D:4      | Reached skill level 7 in Polearms
  2831 | D:4      | Reached XP level 6. HP: 44/45 MP: 0/9
  3229 | D:4      | Reached skill level 8 in Polearms
  3343 | D:4      | Reached XP level 7. HP: 51/51 MP: 0/10
  3363 | D:4      | Got a fine spear
  3364 | D:4      | Identified the +2 spear of Oenomania {flame, *Drain Fragile rN+ Int+6} (You found it on level 4 of the Dungeon)
  3542 | D:5      | Entered Level 5 of the Dungeon
  3619 | D:5      | Reached skill level 9 in Polearms
  3657 | D:5      | Found an opulent altar of Gozag.
  3693 | D:5      | Found a burning altar of Makhleb.
  3948 | D:5      | Found a staircase to the Ecumenical Temple.
  4191 | Temple   | Entered the Ecumenical Temple
  4287 | Temple   | Became a worshipper of Warmaster Okawaru
  4332 | D:6      | Found Dohufosi's General Store.
  4376 | D:6      | Reached skill level 10 in Polearms
  4376 | D:6      | Reached XP level 8. HP: 58/58 MP: 7/11
  4416 | D:6      | Found Deivugh's Weapon Shop.
  4563 | D:6      | Found a sacrificial altar of Ru.
  4644 | D:6      | Found Plog's General Store.
  4647 | D:6      | Found Xouneluyj's Assorted Antiques.
  4721 | D:7      | Reached skill level 5 in Dodging
  4916 | D:6      | Reached * piety under Okawaru
  4916 | D:6      | Reached skill level 11 in Polearms
  5138 | D:6      | Bought a scroll labeled REQUDWAM GUZI for 31 gold pieces
  5154 | D:6      | Bought a cursed ring of teleportation for 49 gold pieces
  5154 | D:6      | Bought a scroll of identify for 22 gold pieces
  5154 | D:6      | Bought a scroll of holy word for 82 gold pieces
  5367 | D:7      | Noticed a hippogriff
  5372 | D:7      | Reached skill level 1 in Invocations
  5376 | D:7      | Killed a hippogriff
  5455 | D:7      | Reached XP level 9. HP: 67/67 MP: 12/12
  5599 | D:7      | Reached skill level 5 in Fighting
  5608 | D:7      | Identified a scroll of acquirement
  5609 | D:7      | Got a bound iron ring
  5611 | D:7      | Identified the ring "Vearaloo" {Ice *Slow Int+9 Dex-2 SInv} (You acquired it on level 7 of the Dungeon)
  5678 | D:7      | Found a basalt altar of Yredelemnul.
  5761 | D:7      | Reached skill level 12 in Polearms
  5847 | D:7      | Reached ** piety under Okawaru
  6482 | D:7      | Learned a level 3 spell: Regeneration
  6485 | D:8      | Reached skill level 13 in Polearms
  6509 | D:8      | Noticed a two-headed ogre
  6518 | D:8      | Killed a two-headed ogre
  6518 | D:8      | Reached *** piety under Okawaru
  6518 | D:8      | Reached XP level 10. HP: 47/76 MP: 3/13
  6693 | D:8      | Noticed an unseen horror
  6703 | D:8      | Killed an unseen horror
  6703 | D:8      | Reached skill level 14 in Polearms
  6776 | D:8      | Found Zoshredorph's Book Boutique.
  6853 | D:8      | Found a shattered altar of Ashenzari.
  6856 | D:8      | Reached skill level 5 in Invocations
  7093 | D:8      | Found a staircase to the Lair.
  7453 | D:9      | Noticed a tengu warrior
  7480 | D:9      | Killed a tengu warrior
  7480 | D:9      | Reached **** piety under Okawaru
  7973 | D:9      | Reached skill level 15 in Polearms
  8169 | D:9      | Found Neablorr's Jewellery Shoppe.
  8177 | D:9      | Bought an uncursed ring of poison resistance for 220 gold pieces
  8177 | D:9      | Bought a cursed ring of loudness for 49 gold pieces
  8303 | D:10     | Entered Level 10 of the Dungeon
  8450 | D:10     | Reached XP level 11. HP: 84/84 MP: 15/15
  8525 | D:10     | Reached ***** piety under Okawaru
  8819 | D:10     | Reached skill level 16 in Polearms
  8882 | D:10     | Noticed a two-headed ogre
  8921 | D:10     | Killed a two-headed ogre
  8924 | D:10     | Reached skill level 10 in Dodging
  9180 | D:9      | Bought the ring of the Prince of Darkness {+Inv SInv} for 319 gold pieces
  9248 | D:10     | Noticed a two-headed ogre
  9258 | D:10     | Killed a two-headed ogre
  9258 | D:10     | Received a gift from Okawaru
  9346 | D:10     | Noticed a cyclops
  9356 | D:10     | Killed a cyclops
  9491 | D:11     | Found Hoop Voa's Distillery.
  9575 | D:11     | Received a gift from Okawaru
  9675 | D:11     | Found a staircase to the Orcish Mines.
  9710 | D:11     | Found Ykixyh Syid's Jewellery Shop.
 10000 | D:11     | Noticed a manticore
 10012 | D:11     | Killed a manticore
 10012 | D:11     | Reached skill level 17 in Polearms
 10012 | D:11     | Reached XP level 12. HP: 87/94 MP: 12/17
 10323 | D:12     | Noticed Snorg
 10331 | D:12     | Killed Snorg
 10361 | D:12     | Noticed Urug
 10372 | D:12     | Killed Urug
 10416 | D:12     | Noticed a two-headed ogre
 10421 | D:12     | Killed a two-headed ogre
 10440 | D:12     | Noticed Fannar
 10455 | D:12     | Noticed a two-headed ogre
 10556 | D:12     | Killed a two-headed ogre
 10672 | D:12     | Killed Fannar
 10672 | D:12     | Reached skill level 18 in Polearms
 11458 | Lair:1   | Entered Level 1 of the Lair of Beasts
 11472 | Lair:1   | Noticed a five-headed hydra
 11479 | Lair:1   | Killed a one-headed hydra
 11479 | Lair:1   | Received a gift from Okawaru
 11681 | Lair:1   | Noticed Nergalle
 11690 | Lair:1   | Killed Nergalle
 11759 | Lair:1   | Received a gift from Okawaru
 11883 | Lair:1   | Reached skill level 10 in Fighting
 11981 | Lair:1   | Reached XP level 13. HP: 49/103 MP: 14/20
 12626 | Lair:2   | Found a frozen archway.
 12655 | IceCv    | Entered an ice cave
 12781 | IceCv    | Killed a reaper
 12798 | IceCv    | Reached skill level 19 in Polearms
 13197 | Lair:2   | Found a hole to the Spider Nest.
 13249 | Lair:2   | Reached ****** piety under Okawaru
 13356 | Lair:2   | Received a gift from Okawaru
 13538 | Lair:2   | Reached skill level 10 in Invocations
 13981 | Lair:3   | Noticed Gastronok
 13990 | Lair:3   | Killed Gastronok
 14087 | Lair:3   | Reached skill level 20 in Polearms
 14497 | Lair:3   | Noticed Harold
 14516 | Lair:3   | Killed Harold
 14881 | Lair:4   | Noticed Kirke
 14903 | Lair:4   | Killed Kirke
 14903 | Lair:4   | Reached XP level 14. HP: 101/113 MP: 3/21
 15401 | Lair:4   | Found a staircase to the Shoals.
 16043 | Lair:5   | Received a gift from Okawaru
 16044 | Lair:5   | Got an ichor-stained scale mail {god gift}
 16110 | Lair:5   | Identified the +1 scale mail of the Dozen Wonders {rF+++ rC++ Str+2 Int-5} (Okawaru gifted it to you on level 5 of the Lair of Beasts)
 16226 | Lair:5   | Reached skill level 21 in Polearms
 16226 | Lair:5   | Reached skill level 1 in Armour
 16565 | Lair:6   | Entered Level 6 of the Lair of Beasts
 17271 | Lair:6   | Noticed an acid blob
 17289 | Lair:6   | Killed an acid blob
 17497 | Lair:6   | Found a viscous altar of Jiyva.
 17498 | Lair:6   | Found a staircase to the Slime Pits.
 17659 | Lair:6   | Reached XP level 15. HP: 101/122 MP: 20/22
 17665 | Lair:6   | Reached skill level 5 in Armour
 18146 | Lair:6   | Received a gift from Okawaru
 18405 | Orc:1    | Entered Level 1 of the Orcish Mines
 18500 | Orc:2    | Entered Level 2 of the Orcish Mines
 18542 | D:11     | Bought a +1 ring of evasion for 45 gold pieces
 18542 | D:11     | Bought a cursed -2 ring of dexterity for 30 gold pieces
 18542 | D:11     | Bought a +3 amulet of reflection for 235 gold pieces
 18956 | Orc:2    | Noticed an orc warlord
 18990 | Orc:2    | Killed an orc warlord
 19042 | Orc:2    | Found a roughly hewn altar of Beogh.
 19271 | Orc:2    | Found Gysyxag's Book Emporium.
 19703 | Orc:2    | Found Boudo's Antique Armour Emporium.
 19720 | Orc:2    | Found Mudurraa's General Store.
 19736 | Orc:2    | Found Zaits's Antique Weapon Emporium.
 19760 | Orc:2    | Bought the +2 hat of the Bear Spirit {Spirit, +Rage rN+ MR++} for 703 gold pieces
 20157 | Orc:2    | Found a staircase to the Elven Halls.
 20491 | Shoals:1 | Entered Level 1 of the Shoals
 20666 | Shoals:1 | Reached skill level 10 in Charms
 21855 | Shoals:2 | Received a gift from Okawaru
 22186 | Shoals:2 | Noticed Roxanne
 23737 | Shoals:2 | Reached XP level 16. HP: 127/131 MP: 23/23
 23842 | Shoals:2 | Reached skill level 1 in Evocations
 24016 | Shoals:2 | HP: 3/131 [satyr/arrow (21)]
 24051 | Shoals:2 | HP: 6/131 [merfolk/trident (8)]
 25847 | D:11     | Bought a potion of heal wounds for 70 gold pieces
 25847 | D:11     | Bought a potion of cancellation for 112 gold pieces
 25847 | D:11     | Bought a potion of might for 56 gold pieces
 25847 | D:11     | Bought a potion of mutation for 112 gold pieces
 26021 | Slime:1  | Entered Level 1 of the Pits of Slime
 26379 | Lair:5   | Received a gift from Okawaru
 26444 | Lair:6   | Gained mutation: Potions are less effective at restoring your health. [a shining eye]
 26447 | Lair:6   | Gained mutation: Your spells are a little easier to cast, but a little less powerful. [a shining eye]
 26451 | Lair:6   | Lost mutation: Your spells are a little easier to cast, but a little less powerful. [potion of mutation]
 26451 | Lair:6   | Gained mutation: You are dopey. (Int -2) [potion of mutation]
 26451 | Lair:6   | Gained mutation: You are robust. (+10% HP) [potion of mutation]
 26451 | Lair:6   | Gained mutation: You do not regenerate when monsters are visible. [potion of mutation]
 26451 | Lair:6   | Gained mutation: You are somewhat resistant to further mutation. [potion of mutation]
 26506 | Slime:1  | Reached skill level 15 in Dodging
 27139 | D:12     | Lost mutation: You are dopey. (Int -2) [mutagenic meat]
 27142 | D:12     | Gained mutation: You are partially covered in icy blue scales. (AC +2) [mutagenic meat]
 27387 | D:13     | Lost mutation: Potions are less effective at restoring your health. [mutagenic meat]
 28206 | Slime:1  | Noticed an azure jelly
 28232 | Slime:1  | Killed an azure jelly
 28232 | Slime:1  | Reached skill level 1 in Translocations
 28424 | Slime:1  | You fall through a shaft!
 28424 | Slime:2  | Noticed an azure jelly
 28424 | Slime:2  | Noticed an acid blob
 28445 | Slime:1  | HP: 6/145 [acid (5)]
 28446 | Slime:1  | HP: 1/145 [acid (5)]
 28447 | Slime:1  | Splashed by an acid blob's acid

Skill      XL: |  1  2  3  4  5  6  7  8  9 10 11 12 13 14 15 16 |
---------------+-------------------------------------------------+-----
Charms         | 4 5 7 9 10 11 | 11.2
Polearms       | 4 5 7 8 10 11 13 15 17 18 20 21 | 21.0
Dodging        | 4 5 7 9 10 11 13 14 15 | 15.6
Fighting       | 3 4 6 7 8 10 11 12 13 | 13.7
Invocations    | 2 4 6 7 9 10 | 10.0
Armour         | 4 7 8 |  8.4
Evocations     | 2 |  2.1
Translocations | 1 |  1.0
Spellcasting   | |  2.1

Action                   |  1- 3 |  4- 6 |  7- 9 | 10-12 | 13-15 | 16-18 || total
-------------------------+-------+-------+-------+-------+-------+-------++-------
Melee: Spear             |   110 |   215 |   162 |       |       |       ||   487
       Glaive            |       |       |   152 |   629 |  1197 |   305 ||  2283
       Tailslap          |       |       |       |     1 |    13 |     2 ||    16
       Bardiche          |       |       |       |       |    27 |    73 ||   100
 Cast: Infusion          |    14 |    20 |    12 |     1 |    13 |    15 ||    75
       Song of Slaying   |       |     5 |     3 |     7 |    19 |     3 ||    37
       Spectral Weapon   |       |       |    11 |    54 |    65 |    14 ||   144
       Shroud of Golubri |       |       |     3 |     6 |     4 |     4 ||    17
       Regeneration      |       |       |       |     1 |     1 |     2 ||     4
Invok: Heroism           |       |       |     1 |    10 |    21 |     6 ||    38
       Finesse           |       |       |       |     3 |     9 |     3 ||    15
Evoke: Wand              |       |       |       |     1 |     3 |       ||     4
  Use: Scroll            |     2 |     4 |    14 |    11 |    15 |     5 ||    51
       Potion            |       |     3 |     9 |     8 |    13 |    10 ||    43
 Stab: Sleeping          |       |     1 |     4 |       |       |       ||     5
       Distracted        |       |       |     1 |     4 |     5 |     1 ||    11
       Invisible         |       |       |       |     3 |     1 |       ||     4
  Eat: Chunk             |       |     5 |    10 |    17 |    15 |    19 ||    66
       Bread ration      |       |     1 |       |     1 |     7 |     4 ||    13
       Fruit             |       |       |     2 |     6 |     1 |     5 ||    14
       Meat ration       |       |       |     1 |       |     1 |       ||     2
       Royal jelly       |       |       |       |       |       |     1 ||     1
Armor: Leather armour    |    33 |     7 |    90 |   139 |    80 |       ||   349
       Ring mail         |       |    40 |     2 |       |       |       ||    42
       Skin              |       |       |     1 |       |       |       ||     1
       Scale mail        |       |       |       |       |   166 |   131 ||   297
Dodge: Dodged            |    66 |    77 |   159 |   399 |   747 |   288 ||  1736
Block: Buckler           |     3 |    19 |    13 |       |       |       ||    35
       Other             |       |       |       |       |    51 |    34 ||    85
       Reflection        |       |       |       |       |     5 |     4 ||     9
